 Dungeon Crawl Stone Soup version 0.32-a0-481-g9ce6b883f8 (webtiles) character file.

Game seed: 17497646998172105767

58 GordonOverkill the Sneak (level 3, 0/21 HPs)
             Began as a Spriggan Delver on Feb 26, 2024.
             Slain by a river rat (8 damage)
             ... in a sewer.
             The game lasted 00:02:34 (1152 turns).

GordonOverkill the Sneak (Spriggan Delver)          Turns: 1152, Time: 00:02:35

Health: 0/21       AC:  3    Str:  8    XL:     3   Next: 76%
Magic:  4/4        EV: 17    Int: 13    God:
Gold:   65         SH:  0    Dex: 16    Spells: 2/2 levels left

rFire   . . .        a - +0 short sword
rCold   . . .        (no shield)
rNeg    . . .        b - +0 robe
rPois   .            (helmet restricted)
rElec   .            f - +0 cloak
rCorr   .            (gloves unavailable)
SInv    +            (boots unavailable)
Will    .....        (no amulet)
Stlth   ++++         (no ring)
HPRegen 0.23/turn    (no ring)
MPRegen 0.09/turn

%: no passive effects
@: very quick
A: very small, no large weapons, unfitting armour, see invisible, speed 3
a: no special abilities


You were in a sewer.
You visited 1 branch of the dungeon, and saw 4 of its levels.
You also visited: Sewer.

You collected 65 gold pieces.

Inventory:

Hand Weapons
 a - a +0 short sword (weapon)
Armour
 b - a +0 robe (worn)
 f - a +0 cloak (worn)
Wands
 g - a wand of digging (3)
Scrolls
 c - a scroll of fog
 d - a scroll of revelation
 e - 2 scrolls of fear
 h - 6 scrolls of identify {unknown}
 i - a scroll of silence {unknown}
 j - a scroll of teleportation {unknown}
 k - a scroll of immolation {unknown}


   Skills:
 + Level 3.9 Fighting
 - Level 2.1 Short Blades
 - Level 2.6 Dodging
 - Level 7.2 Stealth


You had 2 spell levels left.
You didn't know any spells.
Your spell library was empty.

Dungeon Overview and Level Annotations

Branches:
Dungeon (6/15)              Sewer (1/1)
 Temple: D:4-7

Altars:
The Shining One

Annotations:
D:5 Blork the orc
D:6 1 runed translucent door, Crazy Yiuf


Innate Abilities, Weirdness & Mutations

You are very small and have problems with some larger weapons.
You are too small for most types of armour.
You have supernaturally acute eyesight. (SInv)
You cover ground extremely quickly. (Speed+++)


Message History

A river rat is nearby!
You aren't carrying any potions.
Unknown command.
Okay, then.
Okay, then.
You barely miss the river rat. The river rat completely misses you.
You closely miss the river rat. The river rat barely misses you.
You hit the river rat but do no damage. The river rat closely misses you.
You barely miss the river rat. The river rat misses you.
You hit the river rat but do no damage. The river rat closely misses you.
You barely miss the river rat. The river rat bites you.
You hit the river rat.
The river rat is lightly wounded.
The river rat completely misses you.
You closely miss the river rat.
The river rat is lightly wounded.
The river rat bites you.
You closely miss the river rat.
The river rat is lightly wounded.
The rat squeaks loudly.
You hear a loud squeak. x2
You hit the river rat but do no damage.
The river rat is lightly wounded.
The river rat misses you.
You barely miss the river rat.
The river rat is lightly wounded.
The river rat bites you but does no damage.
You hit the river rat but do no damage.
The river rat is lightly wounded.
The river rat bites you.
You hit the river rat.
The river rat is heavily wounded.
The river rat closely misses you.
You hit the river rat.
The river rat is severely wounded.
The river rat bites you!
* * * LOW HITPOINT WARNING * * *
You hit the river rat but do no damage.
The river rat is severely wounded.
The river rat bites you!
You die...

#.r..~~~≈≈≈≈
.r..~~≈≈≈≈≈
#r...~~≈≈≈≈
.....≈≈≈≈~
#...~~≈≈≈≈ ###
...~≈≈≈≈~ #@#
#..~~≈≈≈~
#r###†..≈≈≈≈≈
#..#...~~≈≈≈~
##.....~~≈≈~~
#..r..~≈~≈≈~
##......≈~≈~
##......~~~.
##........≈≈~
##........~~~.


You could see a river rat and a rat.

Vanquished Creatures
  An orc wizard (D:5)
  2 adders (D:3)
  2 orcs
  A ball python (D:3)
  2 bats (D:3)
  A giant cockroach (D:3)
  A goblin (D:4)
  A hobgoblin (D:4)
  A frilled lizard (D:3)
  2 rats
14 creatures vanquished.

Notes
Turn   | Place    | Note
-------+----------+-------------------------------------------
     0 | D:5      | GordonOverkill the Spriggan Delver began the quest for the
                  | Orb.
     0 | D:5      | Reached XP level 1. HP: 11/11 MP: 2/2
    54 | D:6      | Noticed a jelly
   135 | D:6      | Found a runed translucent door.
   136 | D:6      | Noticed Crazy Yiuf
   155 | D:6      | Noticed a sleepcap
   206 | D:5      | Noticed an iguana
   222 | D:5      | Noticed an orc wizard
   225 | D:5      | Killed an orc wizard
   226 | D:5      | Reached XP level 2. HP: 16/16 MP: 3/3
   230 | D:5      | Noticed Blork the orc
   289 | D:5      | Found a glowing golden altar of the Shining One.
   310 | D:5      | Noticed a scorpion
   517 | D:4      | Reached XP level 3. HP: 19/20 MP: 4/4
   757 | D:4      | Noticed a killer bee
   922 | D:3      | Found a glowing drain.
   984 | Sewer    | Entered a sewer
  1152 | Sewer    | Slain by a river rat

Illustrated notes

Levels and vault maps discovered:
D:3:      layout_basic, mainiacjoe_sewer_entry_somewhere_in_here_1,
          minmay_unequal
D:4:      layout_loops_cross, zin_academy, old_standard_altar,
          dreamdust_mushroom_princess, minmay_manual_moon, uniq_edmund
D:5:      layout_loops_corners, mainiacjoe_overflow_paths,
          nicolae_ru_the_path_less_chosen, mainiacjoe_overflow_alcove_1,
          minmay_temple_entry_offerings, nicolae_custom_books,
          minmay_misc_feat_x, uniq_blork_the_orc
D:6:      layout_basic, mainiacjoe_overflow_alcove_4, uniq_maggie,
          uniq_crazy_yiuf_cottage
Sewer:    sewer_minmay_treatment

Skill      XL: |  1 |
---------------+----+-----
Fighting       | 3 |  3.9
Short Blades   | |  2.1
Dodging        | |  2.6
Stealth        | |  7.2

Action                     || total
---------------------------++-------
  Melee: Short sword       ||    57
    Use: Potion            ||     1
   Stab: Sleeping          ||     7
 Armour: Robe              ||    23
  Dodge: Dodged            ||    46

Table legend: (Time is in decaauts)
 A = Elapsed time spent in this place.
 B = Non-inter-level travel time spent in this place.
 C = Inter-level travel time spent in this place.
 D = Time resting spent in this place.
 E = Time spent auto-exploring this place.
 F = Levels seen in this place.
 G = Mean time per level.
                   A        B        C        D        E       F      G
               +--------+--------+--------+--------+--------+-----+--------+
         Total |    888 |    853 |     35 |    411 |    103 |   5 |  177.6 |
       Dungeon |    732 |    697 |     35 |    299 |     95 |   4 |  183.0 |
         Sewer |    156 |    156 |      0 |    112 |      7 |   1 |  156.0 |
               +--------+--------+--------+--------+--------+-----+--------+

Top non-repeatable levels by time:
     D:4: 252 daAuts
     D:5: 224 daAuts
   Sewer: 156 daAuts
     D:3: 139 daAuts
     D:6: 115 daAuts
